[Event "Titled Tuesday Blitz November 29 Early 2022"]
[White "Hansen, Eric"]
[Black "Postny, Evgeny"]
[WhiteFideId "2606771"]
[BlackFideId "2804344"]
[WhiteElo "2568"]
[BlackElo "2476"]
[Result "1/2-1/2"]
[Round "10"]
[TimeControl "180+1"]
[Date "2022.11.29"]
[WhiteClock "0:00:02"]
[BlackClock "0:00:03"]

1. e4 e6 2. Nc3 d5 3. d4 Bb4 4. e5 Qd7 5. a3 Bxc3+ 6. bxc3 b6 7. Qg4 f5 8. Qg3 Ba6 9. Bxa6 Nxa6 10. Ne2 O-O-O 11. a4 Nb8 12. a5 Nc6 13. axb6 cxb6 14. Nf4 Nh6 15. O-O Rhg8 16. Ba3 Nf7 17. Qh3 h6 18. Rfe1 g6 19. Qd3 Kb7 20. Bb4 Ka8 21. Ra2 Rb8 22. Rea1 Rb7 23. Ra6 Nb8 24. R6a2 g5 25. Nh5 Rc8 26. Nf6 Qc6 27. Qh3 Nd7 28. Qh5 Nxf6 29. exf6 e5 30. dxe5 Nxe5 31. Qxh6 g4 32. Qg5 Qe6 33. Be7 Rg8 34. Qf4 Nf3+ 35. Kf1 Ng5 36. Re1 Ne4 37. f3 gxf3 38. gxf3 Qc6 39. fxe4 Qc4+ 40. Kf2 Qxa2 41. exf5 Qxc2+ 42. Re2 Rg2+ 43. Kxg2 Qxe2+ 44. Kg3 Qe1+ 45. Qf2 Qe5+ 46. Kg4 Qe4+ 47. Qf4 Qg2+ 48. Kh4 Qg8 49. Qg5 Qe8 50. Qg6 Rxe7 51. fxe7 Qxe7+ 52. f6 Qe1+ 53. Kh5 Qe2+ 54. Kh6 Qxh2+ 55. Kg7 Qe5 56. Qg4 a5 57. Qc8+ Ka7 58. Kg6 Qg3+ 59. Kf7 a4 60. Qd7+ Kb8 61. Qxa4 Qxc3 62. Qe8+ Kb7 63. Qd7+ Ka6 64. Qa4+ Kb7 65. Qd7+ Ka6 66. Ke6 Qh3+ 67. Kd6 Qg3+ 68. Kxd5 Qd3+ 69. Ke6 Qe4+ 70. Kd6 Qd4+ 71. Ke7 Qe5+ 72. Qe6 Qg5 73. Qc8+ Ka5 74. Qa8+ Kb5 75. Ke6 Qg4+ 76. Kf7 Qd7+ 77. Kf8 Qd6+ 78. Kf7 Qd7+ 79. Kg6 Qg4+ 80. Kh6 Qh4+ 81. Kg6 Qg4+ 82. Kf7 Qd7+ 1/2-1/2


[Site "https://www.chess.com"]

[Event "Titled Tuesday Blitz November 29 Early 2022"]
[White "Havas, Ladislav"]
[Black "Shapiro, Daniel"]
[WhiteFideId "14501090"]
[BlackFideId "2001780"]
[WhiteElo "2199"]
[BlackElo "2315"]
[Result "1-0"]
[Round "10"]
[TimeControl "180+1"]
[Date "2022.11.30"]
[WhiteClock "0:01:23"]
[BlackClock "0:00:14"]

1. d4 Nf6 2. Bg5 Ne4 3. h4 c5 4. dxc5 Qa5+ 5. Nd2 Nxg5 6. hxg5 Qxc5 7. g6 fxg6 8. e3 e6 9. Bd3 Qg5 10. Ngf3 Qxg2 11. Rh2 Qg4 12. Rh4 Qxh4 13. Nxh4 Be7 14. Qg4 Nc6 15. O-O-O d5 16. Rh1 e5 17. Qg2 e4 18. Bb5 O-O 19. a3 g5 20. Nxe4 gxh4 21. Ng5 Rf5 22. Nf3 Bd7 23. Bxc6 bxc6 24. Nd4 Rg5 25. Qf1 h3 26. Rxh3 Bxh3 27. Qxh3 Bf6 28. Qe6+ Kh8 29. Qxc6 Rf8 30. Ne6 Rg1+ 31. Kd2 Rg8 32. Qxd5 h5 33. Qxh5# 1-0


[Site "https://www.chess.com"]

[Event "Titled Tuesday Blitz November 29 Early 2022"]
[White "Herman, Daniel"]
[Black "Ciuffoletti, Paolo"]
[WhiteFideId "30935008"]
[BlackFideId "807630"]
[WhiteElo "1897"]
[BlackElo "2143"]
[Result "1-0"]
[Round "10"]
[TimeControl "180+1"]
[Date "2022.11.30"]
[WhiteClock "0:00:29"]
[BlackClock "0:00:03"]

1. Nf3 d5 2. c4 c6 3. e3 Nf6 4. Nc3 g6 5. d4 Bg7 6. Be2 O-O 7. O-O dxc4 8. Bxc4 b5 9. Bb3 Bb7 10. Qe2 Nbd7 11. e4 Nb6 12. Rd1 b4 13. Na4 Nxa4 14. Bxa4 Qa5 15. Bb3 Rac8 16. Bg5 h6 17. Bh4 g5 18. Bg3 Nh5 19. e5 c5 20. d5 Ba6 21. Qe4 Nxg3 22. hxg3 f5 23. exf6 exf6 24. d6+ Kh8 25. Qg6 f5 26. Ne5 1-0


[Site "https://www.chess.com"]

[Event "Titled Tuesday Blitz November 29 Early 2022"]
[White "Hoffmann, Asa"]
[Black "Ginzburg, Yakov"]
[WhiteFideId "2001470"]
[BlackFideId "4157176"]
[WhiteElo "2117"]
[BlackElo "2305"]
[Result "0-1"]
[Round "10"]
[TimeControl "180+1"]
[Date "2022.11.30"]
[WhiteClock "0:01:02"]
[BlackClock "0:00:10"]

1. d4 d5 2. Bg5 Nf6 3. Nd2 Qd6 4. Ngf3 Ne4 5. Be3 Bf5 6. g3 Nd7 7. Bg2 e5 8. Nh4 Qf6 9. Nxf5 Qxf5 10. Nxe4 dxe4 11. c3 Bd6 12. Qb3 O-O 13. Qxb7 exd4 14. Bxd4 Nc5 15. Bxc5 Bxc5 16. O-O Rab8 17. Qxe4 Qxe4 18. Bxe4 Rxb2 19. Bd3 g6 20. Rfb1 Rfb8 21. Rxb2 Rxb2 22. a4 a5 23. Rc1 Kg7 24. Kg2 h5 25. Kf3 Kf6 26. Rc2 Rb1 27. e3 Ra1 28. Bb5 Rd1 29. h4 Ke5 30. Ke2 Rd6 31. Bd3 Rb6 32. f4+ Kf6 33. Bb5 Re6 34. Kf3 Rxe3+ 35. Kg2 Bb6 36. c4 Bc5 37. Rd2 Rc3 38. Rd5 Rc2+ 39. Kf3 Bb6 40. Be8 Ke7 41. Bb5 f5 42. Re5+ Kf6 43. Rd5 Rf2# 0-1


[Site "https://www.chess.com"]

[Event "Titled Tuesday Blitz November 29 Early 2022"]
[White "Ilkhomi, Jaloliddin"]
[Black "Makhmudov, Shukhrat"]
[WhiteFideId "14700948"]
[BlackFideId "14200775"]
[WhiteElo "2045"]
[BlackElo "2135"]
[Result "1-0"]
[Round "10"]
[TimeControl "180+1"]
[Date "2022.11.30"]
[WhiteClock "0:01:13"]
[BlackClock "0:01:23"]

1. d4 Nf6 2. Nf3 d5 3. Bf4 c5 4. e3 Nc6 5. c3 Qb6 6. Qc2 Bf5 7. dxc5 Bxc2 8. cxb6 axb6 9. Na3 Be4 10. Nb5 Ra5 11. b4 Ra4 12. Ne5 g5 13. Nc7+ Kd8 14. Nxf7+ Kc8 15. Nxh8 gxf4 16. Ne6 fxe3 17. Nxf8 exf2+ 18. Kxf2 Ne5 19. Bb5 Ra3 20. Rhc1 Bd3 21. c4 dxc4 22. Ne6 Ne4+ 23. Kg1 Nd6 24. Nd4 Ng4 25. Nf7 Nxf7 26. Bxc4 Bxc4 27. Rxc4+ Kb8 28. Nb5 Nge5 29. Nxa3 1-0


[Site "https://www.chess.com"]

[Event "Titled Tuesday Blitz November 29 Early 2022"]
[White "Ingebretsen, Jens E"]
[Black "Bashirli, Saadat"]
[WhiteFideId "1522965"]
[BlackFideId "13429990"]
[WhiteElo "2213"]
[BlackElo "1408"]
[Result "1-0"]
[Round "10"]
[TimeControl "180+1"]
[Date "2022.11.30"]
[WhiteClock "0:00:43"]
[BlackClock "0:00:21"]

1. f4 e5 2. fxe5 d6 3. Nf3 dxe5 4. Nxe5 Bd6 5. Nf3 g5 6. d4 g4 7. Ne5 Bxe5 8. dxe5 Qxd1+ 9. Kxd1 Nc6 10. Bf4 Bf5 11. c3 O-O-O+ 12. Nd2 Na5 13. Kc1 h6 14. e4 Be6 15. b4 Nc6 16. Bb5 Nge7 17. g3 a6 18. Ba4 Ng6 19. Bxc6 bxc6 20. Kc2 Rd7 21. Nb3 Bc4 22. Nd4 Kb7 23. a4 h5 24. Rhb1 Rhd8 25. b5 cxb5 26. axb5 axb5 27. Ra4 Rxd4 28. cxd4 Rxd4 29. Rxb5+ Kc6 30. Rbb4 Bd3+ 31. Kc3 Rd8 32. Rd4 Rxd4 33. Kxd4 Bb5 34. Ra8 h4 35. Rg8 hxg3 36. hxg3 Ba4 37. e6 Bb3 38. exf7 Bxf7 39. Rg7 Be8 40. Rxc7+ Kb6 41. Rg7 Kc6 42. e5 Nf8 43. Ke4 Ne6 44. Re7 Nc5+ 45. Kf5 Bd7+ 46. Kf6 Ne4+ 47. Kf7 Nc5 48. e6 Bc8 49. Rc7+ Kd5 50. Rxc8 Ne4 51. e7 Nd6+ 52. Bxd6 Kxd6 53. e8=Q Kd5 54. Qe3 Kd6 55. Qc5+ Kd7 56. Qc6# 1-0


[Site "https://www.chess.com"]

[Event "Titled Tuesday Blitz November 29 Early 2022"]
[White "Jaskolka, Tomasz"]
[Black "Sargissyan, Sargis"]
[WhiteFideId "1170791"]
[BlackFideId "13303210"]
[WhiteElo "2126"]
[BlackElo "2109"]
[Result "0-1"]
[Round "10"]
[TimeControl "180+1"]
[Date "2022.11.30"]
[WhiteClock "0:00:02"]
[BlackClock "0:00:05"]

1. e4 c5 2. Nf3 d6 3. Bb5+ Nd7 4. O-O Nf6 5. Re1 a6 6. Bf1 e5 7. c3 Be7 8. d4 O-O 9. a4 b6 10. Nbd2 Bb7 11. Nc4 Nxe4 12. dxe5 dxe5 13. Ncxe5 Nxe5 14. Nxe5 Bd6 15. Nf3 Qc7 16. g3 Rad8 17. Qc2 Nxg3 18. Ng5 Ne4 19. Nxe4 Bxh2+ 20. Kh1 f5 21. f3 fxe4 22. Qxh2 exf3 23. Bc4+ Kh8 24. Qf2 Rf5 25. Be3 Qc6 26. Be6 Qxe6 27. Bg5 Qg6 28. Bxd8 Rh5+ 29. Bh4 h6 30. Re7 Qg2+ 31. Qxg2 fxg2+ 32. Kg1 Rxh4 33. Rxb7 Rh1+ 34. Kxg2 Rxa1 35. Rxb6 Rb1 36. Kf3 Kh7 37. b4 cxb4 38. cxb4 h5 39. Kf4 g6 40. Kg5 Rg1+ 41. Kf6 Rf1+ 42. Kg5 Rf5+ 43. Kh4 Kh6 44. a5 Rf4+ 45. Kg3 Rc4 46. b5 axb5 47. Rxb5 Ra4 48. Kf3 h4 49. Kg2 g5 50. Kh3 Kh5 51. Rc5 Ra3+ 52. Kh2 Kg4 53. Rc4+ Kh5 54. Rc5 h3 55. Rb5 Kh4 56. Rb8 Ra2+ 57. Kh1 Rxa5 58. Rb4+ g4 59. Rb1 Ra4 60. Kh2 g3+ 61. Kh1 Rd4 62. Kg1 Kg4 63. Kh1 h2 64. Kg2 Rd2+ 65. Kh1 Kh3 66. Rb3 Rd1# 0-1


[Site "https://www.chess.com"]

[Event "Titled Tuesday Blitz November 29 Early 2022"]
[White "Jumabayev, Rinat"]
[Black "Rosen, Eric"]
[WhiteFideId "13702661"]
[BlackFideId "2032562"]
[WhiteElo "2561"]
[BlackElo "2362"]
[Result "1-0"]
[Round "10"]
[TimeControl "180+1"]
[Date "2022.11.29"]
[WhiteClock "0:00:25"]
[BlackClock "0:00:01"]

1. e3 d5 2. Nf3 Nf6 3. b3 Bf5 4. Bb2 e6 5. Nh4 Bg6 6. Be2 Nbd7 7. d3 Bd6 8. Nd2 Qe7 9. a3 a5 10. c4 c6 11. h3 e5 12. cxd5 cxd5 13. O-O O-O 14. Ndf3 Rfe8 15. Nxg6 hxg6 16. Qd2 b6 17. Rfc1 Rac8 18. Rc2 Nc5 19. Qd1 Ra8 20. Rcc1 Ncd7 21. Rc6 Rec8 22. Qc2 Qf8 23. Rc1 Rxc6 24. Qxc6 Bxa3 25. Bxa3 Qxa3 26. Qxa8+ Nf8 27. Rc8 Nd7 28. d4 exd4 29. Nxd4 Kh7 30. Qxd5 Qb4 31. Qxf7 Qe1+ 32. Bf1 b5 33. Nxb5 a4 34. bxa4 Qa1 35. Rxf8 Nxf8 36. Qxf8 g5 37. Qf5+ g6 38. Qxg5 Kh8 39. Nd4 Qa2 40. Nf3 Qf7 41. Ne5 1-0


[Site "https://www.chess.com"]

[Event "Titled Tuesday Blitz November 29 Early 2022"]
[White "Kezin, Roman"]
[Black "Yurasova, Daria"]
[WhiteFideId "24124621"]
[BlackFideId "34146919"]
[WhiteElo "2501"]
[BlackElo "2097"]
[Result "1-0"]
[Round "10"]
[TimeControl "180+1"]
[Date "2022.11.29"]
[WhiteClock "0:01:42"]
[BlackClock "0:00:29"]

1. h4 d5 2. h5 h6 3. d4 Nf6 4. Nf3 Bf5 5. c4 e6 6. Nc3 Nbd7 7. Bf4 c6 8. e3 Be7 9. Be2 O-O 10. Qb3 Qb6 11. c5 Qxb3 12. axb3 a6 13. b4 Bh7 14. Nd2 Rfe8 15. Nb3 Bd8 16. b5 e5 17. dxe5 Nxe5 18. Bxe5 Rxe5 19. bxa6 bxa6 20. Nd4 Re7 21. Nxc6 Rc7 22. Nxd8 Rxd8 23. b4 Rb8 24. Rh4 Be4 25. f3 Bf5 26. Rxa6 Re7 27. Kf2 Rbe8 28. Bb5 Rb8 29. Rd4 Reb7 30. Ra5 Be6 31. c6 Rc7 32. Ba4 Bd7 33. cxd7 Rxc3 34. Rc5 Rxc5 35. bxc5 Kf8 36. c6 Ke7 37. c7 Rb2+ 38. Kg3 Nxh5+ 39. Kh3 1-0


[Site "https://www.chess.com"]

[Event "Titled Tuesday Blitz November 29 Early 2022"]
[White "Kiseljova, Marya"]
[Black "Adel, Sara"]
[WhiteFideId "4155009"]
[BlackFideId "10616764"]
[WhiteElo "1907"]
[BlackElo "1994"]
[Result "0-1"]
[Round "10"]
[TimeControl "180+1"]
[Date "2022.11.30"]
[WhiteClock "0:00:21"]
[BlackClock "0:01:23"]

1. d4 Nf6 2. c4 g6 3. Nc3 Bg7 4. e4 d6 5. Be2 O-O 6. Bg5 Nbd7 7. Qd2 c5 8. d5 a6 9. a4 Rb8 10. Nf3 Qa5 11. O-O Qb4 12. Rfb1 b5 13. axb5 axb5 14. cxb5 Nxe4 15. Nxe4 Qxe4 16. Ra7 Qxb1+ 17. Ne1 Qxb2 18. Qxb2 Bxb2 19. Bxe7 Re8 20. Bxd6 Rxe2 21. Kf1 Rxe1+ 22. Kxe1 Rxb5 23. Ra8 Nb6 24. Rb8 Bc3+ 25. Ke2 Kg7 26. Kd3 Bd4 27. Bc7 Ba6 28. Ke4 Nc4 29. Ra8 Bb7 30. Rb8 Rb3 31. Bd6 f5+ 32. Kf4 Nxd6 0-1


[Site "https://www.chess.com"]

[Event "Titled Tuesday Blitz November 29 Early 2022"]
[White "Kosakowski, Jakub"]
[Black "Arabidze, Meri"]
[WhiteFideId "1185080"]
[BlackFideId "13604040"]
[WhiteElo "2463"]
[BlackElo "2403"]
[Result "1-0"]
[Round "10"]
[TimeControl "180+1"]
[Date "2022.11.29"]
[WhiteClock "0:00:19"]
[BlackClock "0:00:07"]

1. e4 c5 2. Nf3 e6 3. d4 cxd4 4. Nxd4 Nc6 5. Nc3 a6 6. Nxc6 bxc6 7. Qd3 d5 8. Qg3 Nf6 9. Be2 Be7 10. O-O O-O 11. Bh6 Ne8 12. Rad1 Bh4 13. Qg4 f5 14. exf5 exf5 15. Qa4 Bd7 16. Bf4 Bf6 17. Rfe1 Kh8 18. Qa3 Be7 19. Qb3 Bd6 20. Bxd6 Nxd6 21. Na4 Ne4 22. f3 Rb8 23. Qa3 Nf6 24. Nc5 Qb6 25. b3 a5 26. Bd3 Rbe8 27. Kh1 Bc8 28. c3 h6 29. b4 axb4 30. Qxb4 Qa7 31. a4 Nd7 32. Nxd7 Bxd7 33. Qd6 Qf2 34. Rf1 Qa7 35. a5 Rf6 36. Qa3 c5 37. Rb1 c4 38. Bc2 Ra6 39. Ra1 Ra8 40. Qe7 Re8 41. Qf7 Rf6 42. Qxd5 Re2 43. Bd1 Rf2 44. Re1 Be6 45. Qd4 Qxd4 46. cxd4 c3 47. Rc1 Ra2 48. Rxc3 Rxa5 49. h3 Ra1 50. Kh2 f4 51. Rc6 1-0


[Site "https://www.chess.com"]

[Event "Titled Tuesday Blitz November 29 Early 2022"]
[White "Kovacevic, Radmila"]
[Black "Koridze, Lile"]
[WhiteFideId "933171"]
[BlackFideId "13612514"]
[WhiteElo "2208"]
[BlackElo "2050"]
[Result "0-1"]
[Round "10"]
[TimeControl "180+1"]
[Date "2022.11.30"]
[WhiteClock "0:00:01"]
[BlackClock "0:00:49"]

1. e4 c5 2. Be2 d6 3. f4 a6 4. Nf3 Nc6 5. O-O g6 6. c3 Bg7 7. Qe1 Nf6 8. d3 O-O 9. Bd1 b5 10. a4 Bb7 11. Be3 b4 12. Nbd2 bxc3 13. bxc3 Ng4 14. e5 dxe5 15. Bxc5 Qxd3 16. Rb1 Rab8 17. Nxe5 Ngxe5 18. fxe5 Qxc3 19. Ne4 Qxe5 20. Ba3 Nd4 21. Nc5 Qd5 22. Nxb7 Rxb7 23. Rxb7 Qxb7 24. Qxe7 Qxe7 25. Bxe7 Re8 26. Bf6 Bxf6 27. Rxf6 Re1+ 28. Rf1 Rxf1+ 29. Kxf1 a5 30. Kf2 Kf8 31. Ke3 Nc6 32. Kd3 Ke7 33. Kc4 Kd6 34. Kb5 f5 35. Bf3 Nd4+ 36. Kxa5 Nxf3 37. gxf3 g5 38. Kb6 g4 39. fxg4 f4 40. a5 f3 41. a6 f2 42. a7 f1=Q 43. a8=Q Qb1+ 44. Ka7 Kc7 45. Qd5 Qb6+ 0-1


[Site "https://www.chess.com"]

[Event "Titled Tuesday Blitz November 29 Early 2022"]
[White "Kuchava, Ana"]
[Black "Rosenberg, Evan S"]
[WhiteFideId "13605348"]
[BlackFideId "2019299"]
[WhiteElo "2001"]
[BlackElo "2387"]
[Result "0-1"]
[Round "10"]
[TimeControl "180+1"]
[Date "2022.11.30"]
[WhiteClock "0:00:22"]
[BlackClock "0:00:34"]

1. d4 d5 2. Nf3 Bf5 3. c4 e6 4. Qb3 Nc6 5. Bf4 Nb4 6. Na3 a5 7. e3 a4 8. Qd1 c6 9. Be2 dxc4 10. Bxc4 Nd5 11. Bxd5 Qa5+ 12. Nd2 Qxd5 13. O-O Bxa3 14. bxa3 Nf6 15. Qb1 Bxb1 16. Raxb1 O-O 17. Rxb7 Qxa2 18. Bd6 Qxd2 19. Bxf8 Kxf8 20. Rfb1 g6 21. h4 Ne4 22. f3 Qf2+ 23. Kh2 Qxh4+ 24. Kg1 Qf2+ 25. Kh2 Nd2 0-1


[Site "https://www.chess.com"]

[Event "Titled Tuesday Blitz November 29 Early 2022"]
[White "Kulkarni, Vikramaditya"]
[Black "Hrabinska, Myroslava"]
[WhiteFideId "5009847"]
[BlackFideId "14109190"]
[WhiteElo "2273"]
[BlackElo "2171"]
[Result "1-0"]
[Round "10"]
[TimeControl "180+1"]
[Date "2022.11.30"]
[WhiteClock "0:01:13"]
[BlackClock "0:00:01"]

1. d4 Nf6 2. Nf3 d5 3. c4 e6 4. Nc3 Be7 5. cxd5 exd5 6. Bg5 c6 7. e3 Bf5 8. Bd3 Bxd3 9. Qxd3 O-O 10. Bxf6 Bxf6 11. O-O g6 12. b4 a6 13. a4 b5 14. axb5 cxb5 15. Nxb5 Nc6 16. Nc3 Nxb4 17. Qe2 Qd7 18. Rfb1 Rfb8 19. Na4 Be7 20. Ne5 Qe6 21. Nd3 a5 22. Nac5 Bxc5 23. Nxc5 Qf5 24. h3 h5 25. Rb2 h4 26. Qd2 Kg7 27. Ra4 Rb5 28. Nd3 Rab8 29. Nxb4 axb4 30. Raxb4 Rxb4 31. Rxb4 Rxb4 32. Qxb4 Qc2 33. Qe7 Qa2 34. Qxh4 Qb1+ 35. Kh2 Qa2 36. Qf4 Qb3 37. Kg3 Qa2 38. h4 Kg8 39. Qg5 Kf8 40. Qf6 Kg8 41. Qg5 Qb3 42. h5 Kg7 43. Qe5+ 1-0


[Site "https://www.chess.com"]

[Event "Titled Tuesday Blitz November 29 Early 2022"]
[White "Larina, Maria"]
[Black "Troltenier, Dirk"]
[WhiteFideId "24113182"]
[BlackFideId "4606400"]
[WhiteElo "1848"]
[BlackElo "2311"]
[Result "1-0"]
[Round "10"]
[TimeControl "180+1"]
[Date "2022.11.30"]
[WhiteClock "0:00:01"]
[BlackClock "0:00:01"]

1. e4 e5 2. Nf3 d6 3. d4 exd4 4. Nxd4 Nf6 5. Nc3 Be7 6. Bc4 O-O 7. O-O Re8 8. h3 Nbd7 9. Nf5 Bf8 10. Re1 Ne5 11. Bb3 Bxf5 12. exf5 c6 13. Bg5 d5 14. f4 Ned7 15. Qf3 Bb4 16. a3 Bd6 17. Kh1 Qc7 18. Qf2 h6 19. Bxf6 Nxf6 20. g3 h5 21. Ne2 Re7 22. Ng1 Rae8 23. Rxe7 Qxe7 24. c4 h4 25. cxd5 Ne4 26. Qf3 Nxg3+ 27. Kh2 Qc7 28. dxc6 bxc6 29. Rd1 Bxf4 30. Kg2 Bd6 31. Bc4 Bc5 32. Rd2 Re3 33. Qg4 Qe7 34. f6 1-0


[Site "https://www.chess.com"]

[Event "Titled Tuesday Blitz November 29 Early 2022"]
[White "Lauridsen, Jesper Morch"]
[Black "Gurevich, Dmitry"]
[WhiteFideId "1401890"]
[BlackFideId "2000407"]
[WhiteElo "2275"]
[BlackElo "2506"]
[Result "0-1"]
[Round "10"]
[TimeControl "180+1"]
[Date "2022.11.30"]
[WhiteClock "0:00:13"]
[BlackClock "0:00:39"]

1. f4 d5 2. Nf3 g6 3. e3 Bg7 4. d4 Nh6 5. Be2 O-O 6. O-O Nd7 7. Nbd2 Nf5 8. Nb3 a5 9. a4 b6 10. Ne5 Nf6 11. g4 Nd6 12. Nc6 Qe8 13. Bb5 Nxb5 14. axb5 Bd7 15. g5 Ne4 16. Nd2 Nd6 17. Ne5 Bxb5 18. Rf2 f6 19. Nef3 Ne4 20. Nxe4 dxe4 21. gxf6 exf6 22. Nd2 c5 23. c3 Bd3 24. Qb3+ Kh8 25. Qxb6 cxd4 26. cxd4 Qd7 27. Nf1 Rfb8 28. Qc5 Rc8 29. Qb6 Qg4+ 30. Rg2 Qd1 31. Rxa5 Qxf1# 0-1


[Site "https://www.chess.com"]

[Event "Titled Tuesday Blitz November 29 Early 2022"]
[White "Ljukin, Sergei"]
[Black "Sellitti, Federico"]
[WhiteFideId "14102200"]
[BlackFideId "821829"]
[WhiteElo "2312"]
[BlackElo "2612"]
[Result "0-1"]
[Round "10"]
[TimeControl "180+1"]
[Date "2022.11.30"]
[WhiteClock "0:00:03"]
[BlackClock "0:02:12"]

1. e4 c5 2. Nf3 Nf6 3. Nc3 d5 4. exd5 Nxd5 5. Bb5+ Bd7 6. Ne5 Bxb5 7. Qf3 f6 8. Nxb5 fxe5 9. Qxd5 Qxd5 10. Nc7+ Kd7 11. Nxd5 g6 12. d3 Nc6 13. Be3 Nd4 14. O-O-O b6 15. Rhe1 h5 16. Kb1 Bg7 17. Bxd4 cxd4 18. c4 e6 19. Nb4 a5 20. Nc2 Rhf8 21. f3 g5 22. Re4 Rf4 23. Rde1 Raf8 24. h3 g4 25. hxg4 hxg4 26. fxg4 Rxe4 27. Rxe4 Rf1+ 28. Re1 Rf2 29. b4 Rxg2 30. bxa5 bxa5 31. Re4 Kd6 32. Na3 Rd2 33. Nb5+ Kc5 34. Nc7 Kd6 35. Nb5+ Kc6 36. g5 Rxd3 37. Rh4 Rg3 0-1


[Site "https://www.chess.com"]

[Event "Titled Tuesday Blitz November 29 Early 2022"]
[White "Maksimenko, Viktor"]
[Black "Rian, Kapriaga"]
[WhiteFideId "13710478"]
[BlackFideId "7103263"]
[WhiteElo "2277"]
[BlackElo "2304"]
[Result "0-1"]
[Round "10"]
[TimeControl "180+1"]
[Date "2022.11.30"]
[WhiteClock "0:01:51"]
[BlackClock "0:01:17"]

1. g4 d5 2. Bg2 Bxg4 3. c4 Be6 4. Qb3 Bc8 5. cxd5 c6 6. Nc3 Nf6 7. d4 g6 8. Bg5 Bg7 9. Bxf6 Bxf6 10. O-O-O O-O 11. Kb1 Bg7 12. h4 cxd5 13. Nxd5 Nc6 14. h5 Be6 15. e4 Nxd4 16. Qe3 Bxd5 17. hxg6 hxg6 18. Rxd4 Bxd4 19. Qxd4 Bxa2+ 0-1


[Site "https://www.chess.com"]

[Event "Titled Tuesday Blitz November 29 Early 2022"]
[White "Maksimovic, Bojan"]
[Black "Pinheiro, Iung Alicio de O."]
[WhiteFideId "14408120"]
[BlackFideId "2104350"]
[WhiteElo "2447"]
[BlackElo "2283"]
[Result "1-0"]
[Round "10"]
[TimeControl "180+1"]
[Date "2022.11.29"]
[WhiteClock "0:00:07"]
[BlackClock "0:00:09"]

1. e4 c5 2. Nf3 Nc6 3. d4 cxd4 4. Nxd4 e5 5. Nxc6 bxc6 6. Bd3 Nf6 7. O-O Bc5 8. Qe2 O-O 9. Nc3 d5 10. exd5 cxd5 11. Qxe5 Re8 12. Qg5 h6 13. Qh4 Be7 14. Qg3 Bd6 15. Qh4 Be7 16. Qd4 Qa5 17. Be3 Be6 18. a3 Rec8 19. b4 Qc7 20. Ne2 Ne4 21. Bf4 Qb7 22. Qe3 Bf6 23. Rae1 Nc3 24. Be5 Ne4 25. Bxf6 Nxf6 26. Nd4 Re8 27. Qd2 Qc7 28. h3 Bd7 29. Rxe8+ Rxe8 30. Re1 Be6 31. Bf5 Qd7 32. Bxe6 fxe6 33. Nf3 Qd6 34. c4 Rd8 35. cxd5 exd5 36. Nd4 Qa6 37. Qc3 Ne4 38. Qc7 Rf8 39. f3 Qd3 40. Ne6 Rf7 41. Qc8+ Kh7 42. fxe4 Qd2 43. Qc1 Qd3 44. exd5 Qxd5 45. Qc2+ Kg8 46. Nc5 Qc6 47. Qe2 Rf6 48. Qe8+ Qxe8 49. Rxe8+ Kf7 50. Ra8 Rd6 51. Rxa7+ Kg8 52. Ra6 Rd1+ 53. Kh2 Ra1 54. a4 g5 55. a5 h5 56. Rg6+ Kf7 57. Rxg5 h4 58. Rg4 Ra4 59. a6 Kf6 60. Rxh4 Kg5 61. Rg4+ Kf5 62. Re4 Ra1 63. h4 Ra2 64. Kh3 Ra3+ 65. g3 Ra1 66. Rf4+ Ke5 67. Kg4 Rb1 68. b5 Rd1 69. a7 Rd8 70. b6 Rg8+ 71. Kf3 Rc8 72. b7 Rxc5 73. b8=Q+ Kd5 74. a8=Q+ Ke6 75. Qe8+ Kd6 76. Qad8# 1-0


[Site "https://www.chess.com"]

[Event "Titled Tuesday Blitz November 29 Early 2022"]
[White "Matinian, Nikita"]
[Black "Durarbayli, Vasif"]
[WhiteFideId "24129100"]
[BlackFideId "13402935"]
[WhiteElo "2422"]
[BlackElo "2586"]
[Result "0-1"]
[Round "10"]
[TimeControl "180+1"]
[Date "2022.11.29"]
[WhiteClock "0:00:02"]
[BlackClock "0:00:26"]

1. e4 c5 2. Nf3 d6 3. Bb5+ Nd7 4. d4 cxd4 5. Nxd4 Nf6 6. O-O a6 7. Ba4 e6 8. c4 Nxe4 9. Re1 Nc5 10. Bc2 Nf6 11. Nc3 Be7 12. b4 Ncd7 13. Rxe6 Ne5 14. Rxe7+ Qxe7 15. Bg5 Be6 16. Nf5 Bxf5 17. Bxf5 O-O 18. Nd5 Qd8 19. Bxf6 gxf6 20. Qh5 Ng6 21. Re1 Kg7 22. Be4 Re8 23. Ne3 Kh8 24. Nf5 Re5 25. Qh6 Qf8 26. Qd2 Rd8 27. f4 Re6 28. g3 Rde8 29. Qd3 b5 30. cxb5 d5 31. Qxd5 Qxb4 32. bxa6 Qxe1+ 33. Kg2 Qxe4+ 0-1


[Site "https://www.chess.com"]

[Event "Titled Tuesday Blitz November 29 Early 2022"]
[White "Mikhalsky, Vladimir"]
[Black "Fernandez Siles, Luis"]
[WhiteFideId "14144352"]
[BlackFideId "2209420"]
[WhiteElo "2271"]
[BlackElo "2186"]
[Result "1-0"]
[Round "10"]
[TimeControl "180+1"]
[Date "2022.11.30"]
[WhiteClock "0:00:34"]
[BlackClock "0:00:38"]

1. d4 Nf6 2. c4 g6 3. f3 d5 4. cxd5 Nxd5 5. e4 Nb6 6. Nc3 Bg7 7. Be3 O-O 8. Qd2 e5 9. d5 c6 10. O-O-O cxd5 11. exd5 Na6 12. a3 Bd7 13. Kb1 Rc8 14. h4 Na4 15. Ne4 N6c5 16. Nd6 Nb3 17. Qb4 Nd4 18. Nxc8 Qxc8 19. Bxd4 exd4 20. Bd3 Re8 21. Rc1 Qd8 22. Ne2 Re3 23. Rhd1 a5 24. Qxb7 Bf8 25. Nf4 Qxh4 26. Qxd7 Qxf4 27. Qxa4 1-0


[Site "https://www.chess.com"]

[Event "Titled Tuesday Blitz November 29 Early 2022"]
[White "Mohamed Anees M"]
[Black "Oro, Faustino"]
[WhiteFideId "35065815"]
[BlackFideId "20000197"]
[WhiteElo "2135"]
[BlackElo "2066"]
[Result "1-0"]
[Round "10"]
[TimeControl "180+1"]
[Date "2022.11.30"]
[WhiteClock "0:00:08"]
[BlackClock "0:00:02"]

1. e4 e5 2. Nf3 Nc6 3. Bb5 a6 4. Ba4 Nf6 5. O-O b5 6. Bb3 Be7 7. Re1 O-O 8. h3 d6 9. c3 Na5 10. Bc2 c5 11. d4 Qc7 12. Nbd2 cxd4 13. cxd4 Nc6 14. a3 exd4 15. Nb3 Nd7 16. Nbxd4 Nxd4 17. Nxd4 Nc5 18. Bf4 Bf6 19. Rc1 Qb6 20. Nf3 Bxb2 21. Rb1 Bxa3 22. Bxd6 Rd8 23. e5 Be6 24. Ng5 h6 25. Nxe6 Nxe6 26. Qd3 Bxd6 27. Qh7+ Kf8 28. exd6 Qxd6 29. Qh8+ Ke7 30. Qxg7 Qf4 31. Bb3 Rd6 32. Qc3 Rad8 33. Ra1 Rd3 34. Qc2 R3d6 35. Bxe6 fxe6 36. Qh7+ Qf7 37. Qxh6 Rg8 38. Qh4+ Qf6 39. Qe4 Qg7 40. g3 Rb8 41. Qh4+ Qf6 42. Qb4 Rb6 43. Qc5 Kd7 44. Red1 Rc6 45. Qa7+ Ke8 46. Qb8+ Kd7 47. Qb7+ Ke8 48. Rab1 Rxd1+ 49. Rxd1 Rc2 50. Qb8+ Kf7 51. Qa7+ Kg6 52. Qe3 Qf5 53. Rd6 Kf6 54. Qd4+ Qe5 55. Qh4+ Kf7 56. Qh7+ Kf6 57. Qh8+ Kf7 58. Qxe5 1-0


[Site "https://www.chess.com"]

[Event "Titled Tuesday Blitz November 29 Early 2022"]
[White "Nguyen, Thai Dai Van"]
[Black "Jakubowski, Krzysztof"]
[WhiteFideId "358878"]
[BlackFideId "1112848"]
[WhiteElo "2534"]
[BlackElo "2373"]
[Result "1-0"]
[Round "10"]
[TimeControl "180+1"]
[Date "2022.11.29"]
[WhiteClock "0:00:34"]
[BlackClock "0:00:01"]

1. d4 Nf6 2. c4 e6 3. Nf3 b6 4. g3 Ba6 5. b3 Bb4+ 6. Bd2 Be7 7. Bg2 c6 8. O-O O-O 9. Nc3 d5 10. Qc2 dxc4 11. bxc4 Bxc4 12. Ne5 Qxd4 13. Nxc4 Qxc4 14. Rfc1 Rd8 15. Qb2 Qb4 16. Qc2 Qc4 17. Qb2 Qb4 18. Qxb4 Bxb4 19. Bg5 h6 20. Bxf6 gxf6 21. Rab1 Be7 22. a4 Kg7 23. a5 bxa5 24. Rb7 Bb4 25. Na2 Rd7 26. Bxc6 Nxc6 27. Rxd7 Ne5 28. Rb7 Bd6 29. Rd1 Bf8 30. f4 Nc4 31. Nc3 a6 32. Ne4 f5 33. Rc1 Ne3 34. Nf2 Rd8 35. Nd3 Nd5 36. Ra1 Nb4 37. Ne5 Bc5+ 38. Kg2 Rd2 39. Rxf7+ Kg8 40. Rc1 Nd3 41. Nxd3 Kxf7 42. Rxc5 Rxe2+ 43. Kf3 Rxh2 44. Rxa5 h5 45. Rxa6 h4 46. Ra7+ Ke8 47. gxh4 Rh3+ 48. Ke2 Rxh4 49. Ke3 Rh3+ 50. Kd4 Rh1 51. Ke5 Re1+ 52. Kf6 Kd8 53. Ne5 Re4 54. Nf7+ 1-0


[Site "https://www.chess.com"]